 Dungeon Crawl Stone Soup version 0.28.0-49-g6dfe1f597d (webtiles) character file.

Game seed: 4934168766577506011

88943 McKennaii the Destroyer (level 15, 0/121 (128) HPs)
             Began as a Demigod Fighter on May 20, 2022.
             Slain by a sixfirhy (9 damage)
             ... on level 2 of the Lair of Beasts.
             The game lasted 01:14:03 (42604 turns).

McKennaii the Destroyer (Demigod Fighter)          Turns: 42604, Time: 01:14:04

HP:   0/121 (128)   AC: 17    Str: 29    XL:     15   Next: 7%
MP:   0/51          EV:  8    Int: 24    God:
Gold: 1656          SH:  2    Dex: 13    Spells: 20/32 levels left

rFire   + . .      SeeInvis .   P - +10 spear of Nirgh {drain, rF+}
rCold   + + +      Faith    .   e - -8 kite shield of Poor Excuses {rC+++ rCorr MP+9 Stlth-}
rNeg    . . .      Spirit   +   O - +0 scale mail {rC+}
rPois   .          Reflect  .   U - +1 helmet
rElec   .          Harm     .   A - +2 cloak
rCorr   +          Rampage  .   w - +0 pair of gloves
Will    +....                   L - +0 pair of boots
Stlth   ..........              k - amulet of guardian spirit
HPRegen 0.30/turn               D - +6 ring of intelligence
MPRegen 0.32/turn               r - ring of magical power

@: very slightly contaminated, studying Fighting, drained
A: high MP 1, forlorn, divine attributes
a: no special abilities


You were on level 2 of the Lair of Beasts.
You visited 3 branches of the dungeon, and saw 22 of its levels.

You collected 2460 gold pieces.
You spent 804 gold pieces at shops.

Inventory:

Hand Weapons
 a - the +9 staff of Olgreb {rPois∞}
   (You found it on level 10 of the Dungeon)

   If the wielder is skilled in Evocations, they can envenom those struck by it,
   dealing poison damage which bypasses armour.
   It enhances your poison magic.
   It grants immunity to poison.
   It can be activated via the 'a'bility menu to radiate toxic energy, with
   effectiveness depending on Evocations skill.
 C - the +7 mace of the Pure Dreams {chaos, Will+}
   (You found it on level 6 of the Dungeon)

   Each time it hits an enemy it has a different, random effect.
   Will:      It increases your willpower.
 P - the +10 spear of Nirgh (weapon) {drain, rF+}
   (You found it on level 10 of the Dungeon)

   A truly terrible weapon, it drains the life of any living foe it strikes.
   rF:        It protects you from fire.
Armour
 e - the -8 kite shield of Poor Excuses (worn) {rC+++ rCorr MP+9 Stlth-}
   (You acquired it on level 4 of the Lair of Beasts)

   rC:        It renders you almost immune to cold.
   MP:        It affects your magic capacity (+9).
   rCorr:     It protects you from acid and corrosion.
   Stlth:     It makes you less stealthy.
 w - a +0 pair of gloves (worn)
 A - a +2 cloak (worn)
 L - a +0 pair of boots (worn)
 O - a +0 scale mail of cold resistance (worn)
 U - a +1 helmet (worn)
Jewellery
 i - a ring of resist corrosion
 k - an amulet of guardian spirit (around neck)
 r - a ring of magical power (right hand)
 u - a ring of poison resistance
 D - a +6 ring of intelligence (left hand)
 F - a ring of wizardry
 K - a ring of willpower
 N - a ring of ice
 V - a ring of see invisible
Wands
 f - a wand of polymorph (18)
 m - a wand of digging (4)
 y - a wand of charming (5)
 z - a wand of flame (36)
 I - a wand of iceblast (6)
 J - a wand of acid (16)
 Q - a wand of paralysis (17)
Scrolls
 b - 5 scrolls of fog
 l - a scroll of silence
 o - a scroll of enchant armour
 q - 3 scrolls of amnesia
 s - a scroll of brand weapon {unknown}
 t - 3 scrolls of magic mapping
 v - a scroll of summoning
 B - a scroll of vulnerability
 E - a scroll of holy word
 G - 4 scrolls of torment
 R - a scroll of fear
 S - 3 scrolls of teleportation
Potions
 c - a potion of attraction {unknown}
 d - 3 potions of might
 g - 10 potions of curing
 h - 2 potions of mutation
 j - 4 potions of haste
 n - 8 potions of ambrosia
 p - 3 potions of flight
 x - 2 potions of brilliance
 H - a potion of berserk rage
 M - a potion of invisibility {unknown}
 T - 2 potions of lignification {unknown}
 W - a potion of magic {unknown}


   Skills:
 + Level 10.9 Fighting
 - Level 7.0 Polearms
 - Level 10.0 Armour
 + Level 7.4 Shields
 + Level 9.2 Spellcasting
 + Level 12.6 Conjurations
 + Level 3.1 Summonings
 + Level 12.6 Air Magic


You had 20 spell levels left.
You knew the following spells:

 Your Spells              Type           Power      Damage    Failure   Level
b - Call Canine Familiar  Summ           26%        N/A       22%         3
c - Iskenderun's Mystic   Conj/Tloc      41%        2d9       21%         4
d - Lightning Bolt        Conj/Air       32%        1d49      4%          5

Your spell library contained the following spells:

 Spells                   Type           Power      Damage    Failure   Level
 Foxfire                  Conj/Fire      100%       2x1d9     1%          1
 Magic Dart               Conj           100%       1d8       1%          1
 Static Discharge         Conj/Air       64%        N/A       1%          2
 Mephitic Cloud           Conj/Pois/Air  51%        N/A       2%          3
 Corpse Rot               Necr/Air       82%        N/A       3%          2
 Poisonous Vapours        Pois/Air       82%        N/A       3%          2
 Conjure Flame            Conj/Fire      41%        6-21      6%          3
 Stone Arrow              Conj/Erth      82%        3d12      6%          3
 Call Imp                 Summ           26%        N/A       11%         2
 Flame Wave               Conj/Fire      41%        2d9       21%         4
 Fulminant Prism          Conj/Hex       20%        3d13      21%         4
 Sandblast                Erth           22%        2d7       26%         1
 Slow                     Hex            44%        N/A       26%         1
 Passwall                 Tmut/Erth      9%         N/A       38%         2
 Confusing Touch          Hex            11%        N/A       63%         3
 Inner Flame              Hex/Fire       11%        N/A       63%         3
 Portal Projectile        Hex/Tloc       22%        N/A       63%         3
 Vampiric Draining        Necr           11%        2d6       63%         3
 Leda's Liquefaction      Hex/Erth       5%         N/A       95%         4
 Lee's Rapid Deconstruct  Erth           5%         3d7*      100%        5
 Malign Gateway           Summ/Tloc      9%         N/A       100%        7
 Maxwell's Capacitive Co  Air            32%        ∞         100%        8
 Summon Horrible Things   Summ           13%        N/A       100%        8


Dungeon Overview and Level Annotations

Branches:
Dungeon (14/15)            Temple (0/1) D:6            Lair (6/6) D:11
 Shoals (0/4) Lair:2        Snake (0/4) Lair:2        Slime (0/5) Lair:5
    Orc (2/2) D:12            Elf (0/3) Orc:2        Vaults (0/5) D:13

Shops:
D:2 *   D:4 !   D:6 *   Orc:2 [*=:

Portals:
Abyss: Lair:2

Annotations:
D:14 Louise
Lair:2 1 transporter
Orc:2 exclusion: oklob plant


Innate Abilities, Weirdness & Mutations

You have an increased reservoir of magic. (+10% MP)
You shall have no god before yourself.
Your divine heritage dramatically boosts your attributes as you level up.


Message History

You closely miss the sixfirhy. The sixfirhy hits you! The sixfirhy shocks you!
You puncture the sixfirhy!
The sixfirhy is moderately wounded.
The sixfirhy hits you. The sixfirhy shocks you! The sixfirhy hits you.
The sixfirhy shocks you! The sixfirhy hits you. The sixfirhy shocks you!
The sixfirhy hits you but does no damage.
You hit the sixfirhy.
The sixfirhy is moderately wounded.
The sixfirhy completely misses you. The sixfirhy closely misses you.
The sixfirhy hits you but does no damage.
Unknown command.
You hit the sixfirhy.
The sixfirhy is moderately wounded.
Unknown command.
You closely miss the sixfirhy.
The sixfirhy is moderately wounded.
Unknown command.
You puncture the sixfirhy!
The sixfirhy is moderately wounded.
The sixfirhy hits you but does no damage.
You hit the sixfirhy.
The sixfirhy is heavily wounded.
The sixfirhy misses you. The sixfirhy hits you!
* * * LOW HITPOINT WARNING * * *
The sixfirhy shocks you!
* * * LOW HITPOINT WARNING * * *
The sixfirhy hits you!
* * * LOW HITPOINT WARNING * * *
The sixfirhy shocks you!
* * * LOW HITPOINT WARNING * * *
The sixfirhy hits you but does no damage.
Unknown command.
Okay, then.
As you read the scroll of fear, it crumbles to dust.
You assume a fearsome visage.
The sixfirhy resists with almost no effort.
The sixfirhy hits you.
* * * LOW HITPOINT WARNING * * *
The sixfirhy shocks you!
You die...

........#...###....####.......#
.......##...#.##..##..####....#
.....)##....#.##..#u...[.##...##
#......##..##.##..##..#^..#...P#
#..........##.##...###...##...##
#..........#.#.##....#..##.....#
...........##..####.##∩. #.....#
............###)^3###.:..##...P#
.............©#©@#§.§.##.|#...##
.............##.##x.§###.##....##
............##...u[.#^#.##.....)#
...........##...####.#..#........
...........#.#..#..##RxR##.......
...........##.###...###u##.......
......[.....###...}...####.......
.......................©.........
.................................


You could see a sixfirhy.

Vanquished Creatures
  Kirke (Lair:4)
  Snorg (D:10)
  Josephine (Orc:1)
  An ice dragon (D:13)
  The ghost of mpzz the Frost Mage, a journeyman BaIE of Cheibriados (Lair:2)
  8 hydras
  4 centaur warriors
  Erica (D:11)
  Harold (D:9)
  5 boulder beetles
  An ogre mage (D:10)
  A death knight (D:13)
  3 catoblepae (Lair:6)
  8 two-headed ogres
  6 death yaks
  An orc high priest (Orc:1)
  Nergalle (D:11)
  A deep troll (shapeshifter) (D:13)
  An orc knight (Orc:1)
  A deep elf pyromancer (D:12)
  8 orc sorcerers (Orc:2)
  A mana viper (shapeshifter) (D:13)
  7 ugly things
  3 manticores
  A cyclops (shapeshifter) (D:10)
  10 elephants
  A cyclops (D:13)
  A centaur zombie (D:10)
  7 black mambas
  Maurice (D:9)
  A torpor snail (D:13)
  4 gargoyles
  13 komodo dragons
  7 kobold demonologists
  2 efreet
  13 cane toads
  9 rime drakes (D:13)
  2 unseen horrors (D:11)
  A freezing wraith (D:10)
  The ghost of Gabide the Spear-Bearer, a novice TeMo of Sif Muna (D:5)
  A meliai (D:13)
  5 polar bears
  4 trolls
  A queen bee (D:11)
  A nameless horror (Lair:2)
  4 slime creatures (D:13)
  5 dream sheep (Lair:6)
  3 blink frogs (Lair:5)
  8 wraiths
  Sigmund (D:3)
  2 shadows
  A spriggan (Lair:2)
  A vampire (D:9)
  56 yaks
  3 wyverns
  11 humans (D:13)
  4 basilisks
  5 hogs
  A steam dragon (D:9)
  7 wargs
  2 vampire mosquitoes
  3 nagas (Lair:2)
  2 acid dragons
  18 water moccasins
  11 orc warriors
  3 black bears
  3 necrophages
  14 wolves
  7 ogres
  7 centaurs
  8 kobold brigands
  12 bullfrogs
  5 gnoll sergeants
  A scorpion (D:5)
  A wyvern skeleton (D:3)
  A water moccasin skeleton (D:6)
  46 killer bees
  21 wights
  2 electric eels (Lair:6)
  A howler monkey (D:9)
  4 hounds
  A bullfrog skeleton (D:5)
  10 orc priests
  A gnoll shaman (D:5)
  35 orc wizards
  Ijyb (D:5)
  4 iguanas
  A mummy (D:7)
  Robin (D:4)
  A howler monkey zombie (D:5)
  9 adders
  19 gnolls
  A howler monkey skeleton (D:7)
  A white imp (D:8)
  2 ufetubi
  An adder skeleton (D:5)
  A worm (D:2)
  3 dart slugs
  64 orcs
  5 ball pythons
  4 bats
  4 endoplasms
  A giant cockroach (D:1)
  10 goblins
  9 hobgoblins
  4 jackals (D:5)
  A frilled lizard (D:1)
  26 kobolds
  3 rats
660 creatures vanquished.

Vanquished Creatures (others)
  A vault guard (D:13)
  A manticore (D:10)
  An orc wizard (Orc:2)
  2 bushes (Lair:4)
  7 demonic plants (D:11)
  62 fungi
  71 plants
  4 toadstools (D:2)
  2 withered plants (D:8)
151 creatures vanquished.

Grand Total: 811 creatures vanquished

Notes
Turn   | Place    | Note
-------+----------+-------------------------------------------
     0 | D:1      | McKennaii the Demigod Fighter began the quest for the Orb.
     0 | D:1      | Reached XP level 1. HP: 18/18 MP: 3/3
   351 | D:1      | Reached XP level 2. HP: 25/25 MP: 4/4
  1222 | D:2      | Reached XP level 3. HP: 26/31 MP: 5/5
  1278 | D:2      | Found Ropad's Assorted Antiques.
  1288 | D:2      | Bought a grey potion for 26 gold pieces
  1688 | D:3      | Noticed a necrophage
  1726 | D:3      | Killed a necrophage
  1727 | D:3      | Reached XP level 4. HP: 6/38 MP: 6/6
  1996 | D:3      | Noticed Sigmund
  2324 | D:3      | Reached XP level 5. HP: 27/45 MP: 7/7
  3576 | D:2      | Bought a scroll labelled CIWAOSO WUZA for 29 gold pieces
  3576 | D:2      | Bought a scroll labelled TEITYU BAKARPH for 29 gold pieces
  3576 | D:2      | Bought a scroll labelled RYMIUCHI GULU for 29 gold pieces
  3576 | D:2      | Bought an amethyst potion for 26 gold pieces
  3733 | D:4      | Noticed Robin
  3821 | D:4      | Killed Robin
  4169 | D:4      | Noticed a black bear
  4181 | D:4      | Killed a black bear
  4182 | D:4      | Reached XP level 6. HP: 32/52 MP: 5/8
  4662 | D:4      | Found Ukhuimomn's Distillery.
  4668 | D:4      | Bought a potion of heal wounds for 60 gold pieces
  5179 | D:3      | Killed Sigmund
  5272 | D:5      | Entered Level 5 of the Dungeon
  5356 | D:5      | Reached XP level 7. HP: 57/60 MP: 7/9
  5733 | D:5      | Found a transporter.
  5824 | D:5      | Reached skill level 5 in Fighting
  5859 | D:5      | Reached skill level 5 in Armour
  5876 | D:5      | Noticed Ijyb
  5901 | D:5      | Killed Ijyb
  6052 | D:5      | You fall into a shaft and drop 1 floor!
  6067 | D:6      | Found a staircase to the Ecumenical Temple.
  6326 | D:6      | Reached skill level 5 in Polearms
  6358 | D:6      | Found Xeda's Gadget Gallery.
  6580 | D:6      | Reached XP level 8. HP: 60/69 MP: 7/10
  6683 | D:6      | Identified the +7 mace of the Pure Dreams {chaos, Will+}
  9245 | D:8      | Reached XP level 9. HP: 65/72 MP: 8/11
  9677 | D:8      | Learned a level 5 spell: Lightning Bolt
  9701 | D:8      | Reached skill level 1 in Spellcasting
  9973 | D:8      | Reached skill level 1 in Conjurations
  9973 | D:8      | Reached skill level 1 in Air Magic
  9986 | D:8      | Found a large runed translucent door.
  9986 | D:8      | Found a large runed translucent door.
 10168 | D:9      | Noticed a kobold demonologist
 10432 | D:9      | Killed a kobold demonologist
 11280 | D:9      | Noticed Maurice
 11325 | D:9      | Killed Maurice
 11702 | D:9      | Reached XP level 10. HP: 43/86 MP: 9/17
 11968 | D:10     | Entered Level 10 of the Dungeon
 12813 | D:10     | Reached skill level 5 in Conjurations
 12813 | D:10     | Reached skill level 5 in Air Magic
 13721 | D:10     | Noticed a green ugly thing
 13721 | D:10     | Noticed a manticore
 13721 | D:10     | Noticed a red ugly thing
 13721 | D:10     | Noticed a centaur warrior
 13722 | D:10     | Noticed an ogre mage
 13725 | D:10     | Killed a manticore
 13729 | D:10     | Killed a green ugly thing
 13730 | D:10     | Noticed a cyclops
 13730 | D:10     | a wind drake changed into a cyclops
 13731 | D:10     | Killed a red ugly thing
 13735 | D:10     | Killed a cyclops
 13736 | D:10     | Reached XP level 11. HP: 57/92 MP: 13/21
 13736 | D:10     | Killed an ogre mage
 13743 | D:10     | Killed a centaur warrior
 14027 | D:10     | Found the +9 staff of Olgreb {rPois∞}
 14036 | D:10     | Identified the +10 spear of Nirgh {drain, rF+}
 14202 | D:10     | Noticed Snorg
 14412 | D:10     | Noticed Harold
 14524 | D:9      | Killed Harold
 14525 | D:9      | Reached skill level 5 in Spellcasting
 14708 | D:11     | Noticed a two-headed ogre
 14721 | D:11     | Noticed a two-headed ogre
 14949 | D:11     | Noticed a two-headed ogre
 15050 | D:11     | Noticed Nergalle
 15165 | D:10     | Killed Snorg
 15380 | D:11     | Killed a two-headed ogre
 15607 | D:11     | Noticed a two-headed ogre
 15625 | D:10     | Killed a two-headed ogre
 16136 | D:11     | Killed a two-headed ogre
 16455 | D:11     | Killed Nergalle
 17527 | D:11     | Found a staircase to the Lair.
 17604 | D:11     | Reached XP level 12. HP: 56/100 MP: 5/25
 18835 | Lair:1   | Entered Level 1 of the Lair of Beasts
 18867 | Lair:1   | Noticed Erica
 18965 | Lair:1   | You fall into a shaft and drop 1 floor!
 19742 | Lair:1   | Reached skill level 10 in Air Magic
 19772 | Lair:1   | Reached skill level 10 in Conjurations
 20532 | Lair:2   | Found a staircase to the Shoals.
 20545 | Lair:2   | Found a transporter.
 20545 | Lair:2   | Found a transporter.
 20578 | Lair:2   | Found a one-way gate to the infinite horrors of the Abyss.
 20578 | Lair:2   | Noticed mpzz's ghost (journeyman BaIE)
 20625 | Lair:2   | Found a staircase to the Snake Pit.
 20637 | Lair:2   | Noticed a six-headed hydra
 20650 | Lair:2   | Killed a six-headed hydra
 21097 | Lair:2   | Noticed a rakshasa
 21475 | D:5      | Found a transporter.
 21536 | D:5      | Noticed Gabide's ghost (novice TeMo)
 21569 | D:5      | Killed Gabide's ghost
 21571 | D:5      | Paralysed by a gnoll for 5 turns
 22352 | D:11     | Killed Erica
 23295 | Lair:3   | Identified the +8 long sword of Severance {vamp, Dex+4}
 23875 | Lair:4   | Noticed a boulder beetle
 23879 | Lair:4   | Killed a boulder beetle
 24123 | Lair:4   | Identified the +2 ring mail of the Pure Yaks {Fly rN+
                  | Will-}
 24971 | Lair:4   | Identified the +0 plate armour of Min Wygh {rElec rC+ Str-3
                  | Slay+6}
 25043 | Lair:4   | Reached XP level 13. HP: 99/105 MP: 16/28
 25776 | Lair:4   | Noticed Kirke
 26240 | Lair:4   | Identified a scroll of acquirement
 26241 | Lair:4   | Acquired the -8 kite shield of Poor Excuses {rC+++ rCorr
                  | MP+9 Stlth-}
 26724 | Lair:4   | Killed Kirke
 27222 | Lair:5   | Found a staircase to the Slime Pits.
 28658 | Lair:6   | Entered Level 6 of the Lair of Beasts
 30207 | Lair:5   | Reached skill level 5 in Shields
 31842 | Lair:6   | Reached XP level 14. HP: 113/116 MP: 20/30
 33411 | Lair:2   | Learned a level 3 spell: Call Canine Familiar
 34744 | D:12     | Found a staircase to the Orcish Mines.
 36390 | D:13     | Reached skill level 1 in Summonings
 36398 | D:12     | Reached skill level 10 in Fighting
 37204 | D:13     | Found a gate to the Vaults.
 37532 | D:13     | Found the +4 skin of Zhor {*Englaciate rC+++ SInv}
 37876 | D:14     | Noticed Louise
 37879 | D:14     | Reached skill level 10 in Armour
 38228 | Orc:1    | Entered Level 1 of the Orcish Mines
 38246 | Orc:1    | Noticed Josephine
 38261 | Orc:1    | Killed Josephine
 38624 | Orc:2    | Entered Level 2 of the Orcish Mines
 38696 | Orc:2    | Found a staircase to the Elven Halls.
 41130 | Orc:2    | Reached XP level 15. HP: 122/125 MP: 29/32
 42132 | Orc:2    | Found Yjauso Godo's Armour Boutique.
 42132 | Orc:2    | Found Yrchax's Assorted Antiques.
 42147 | Orc:2    | Bought a scroll labelled EWKIEPT ZIW MAFI for 29 gold
                  | pieces
 42147 | Orc:2    | Bought a fizzy red potion for 26 gold pieces
 42236 | Orc:2    | Found Vagaor's Jewellery Boutique.
 42236 | Orc:2    | Found Uryte's Book Emporium.
 42251 | Orc:2    | Bought a book of Blasting for 352 gold pieces
 42251 | Orc:2    | Bought a book of Geomancy for 198 gold pieces
 42314 | Orc:2    | Learned a level 4 spell: Iskenderun's Mystic Blast
 42594 | Lair:2   | Killed mpzz's ghost
 42604 | Lair:2   | Slain by a sixfirhy

Illustrated notes

Levels and vault maps discovered:
D:1:      lemuel_arrival_cross, layout_basic, kennysheep_another_room
D:2:      layout_basic, basic_ecumenical_altar, serial_shops,
          nicolae_square_shop, minmay_gold_behind_fungi
D:3:      layout_basic, uniq_sigmund
D:4:      layout_loops_corners, mainiacjoe_overflow_chevrons, serial_shops,
          nicolae_shop_crystal, minmay_between, uniq_robin
D:5:      layout_loops_ring, serial_glass, glass_columns_b, glass_columns_b,
          glass_columns_c, glass_columns_b, glass_columns_a,
          gammafunk_ghost_gnarly_gnolls, uniq_ijyb
D:6:      layout_layer_cave, marbit_many_paths, minmay_temple_entry_mini_moons,
          nicolae_shop_gadgets
D:7:      layout_basic, slow_altar_2, minmay_fountain_box, grunt_ministairs_10
D:8:      layout_loops_ring, jmf_multi_god_temple2, kiku_gazebo_garden_becter
D:9:      layout_gridville, nicolae_uskayaw_murder_on_the_dancefloor,
          grunt_ministairs_9, roderic_lattice_a, uniq_maurice
D:10:     minmay_the_grid_octo_2x2 [minmay_the_grid_octo_fan_narrow,
          minmay_the_grid_octo_clover, minmay_the_grid_octo_shrine,
          minmay_the_grid_octo_prize_star], layout_rooms, uniq_snorg,
          uniq_harold
D:11:     kennysheep_kobold_lugonu_temple, layout_layer_cave,
          david_lair_shrubbed, special_room [special_room_bee], st_stairs_4,
          uniq_nergalle
D:12:     layout_long_grid, orc_0_dummy
D:13:     kennysheep_six_static_rooms, layout_loops_ring,
          ximxim_vaults_locker_room, grunt_ogre_cave,
          hellmonk_guarded_unrand_zhor
D:14:     layout_loops_ring, vehumet_crystals, uniq_louise
Lair:1:   layout_big_grid, grunt_megastairs_1, uniq_erica
Lair:2:   layout_hall_layers, elwin_shoals_entry_rocks,
          minmay_snake_entry_guardpost_small, gammafunk_ghost_abyssal_escape
Lair:3:   layout_big_grid, minivault_25
Lair:4:   layout_cave_pods, serial_bayou_shore_b, grunt_megastairs_4, uniq_kirke
Lair:5:   layout_roguey, slime_altar_1, infiniplex_staircase_pool
Lair:6:   evilmike_catoblepas_cave, layout_regular_city, serial_bayou_shore_a
Orc:1:    layout_caves, nicolae_orc_damp_corner, uniq_josephine
Orc:2:    st_orc_town, layout_caves, mines3_lemuel

Skill      XL: |  1  2  3  4  5  6  7  8  9 10 11 12 13 14 15 |
---------------+----------------------------------------------+-----
Polearms       | 2 3 4 5 6 7 |  7.0
Fighting       | 3 4 5 6 7 8 10 | 10.9
Armour         | 3 4 5 6 7 8 9 10 | 10.0
Shields        | 3 4 5 7 |  7.4
Spellcasting   | 2 4 6 7 8 9 |  9.2
Conjurations   | 4 6 9 10 11 12 | 12.6
Air Magic      | 4 6 9 10 11 12 | 12.6
Summonings     | 2 3 |  3.1

Action                   |  1- 3 |  4- 6 |  7- 9 | 10-12 | 13-15 || total
-------------------------+-------+-------+-------+-------+-------++-------
Melee: Trident           |   111 |   196 |   723 |   160 |       ||  1190
       Spear             |       |       |       |   563 |   833 ||  1396
 Cast: Lightning Bolt    |       |       |       |   138 |   311 ||   449
Evoke: Wand              |       |       |     7 |    27 |     3 ||    37
  Use: Scroll            |       |       |       |    18 |    14 ||    32
       Potion            |       |       |       |     9 |     2 ||    11
 Stab: Petrified         |       |       |       |       |     2 ||     2
Armor: Scale mail        |     8 |       |       |   283 |   715 ||  1006
       Chain mail        |    39 |   109 |   415 |    76 |       ||   639
Dodge: Dodged            |    32 |    64 |   291 |   292 |   474 ||  1153
Block: Buckler           |    17 |    43 |   164 |   145 |     6 ||   375
       Kite shield       |       |       |       |       |    37 ||    37
